 Dungeon Crawl Stone Soup version 0.24-a0-378-g94936e5 (webtiles) character file.

Game seed: 9342624397766356846

106 silenth the Charmwright (level 4, -8/38 HPs)
             Began as a Gnoll Skald on June 2, 2019.
             Asphyxiated
             ... on level 3 of the Dungeon.
             The game lasted 00:06:55 (2709 turns).

silenth the Charmwright (Gnoll Skald)               Turns: 2709, Time: 00:06:56

Health: -8/38      AC:  3    Str: 14    XL:     4   Next: 84%
Magic:  6/11       EV: 14    Int: 15    God:
Gold:   161        SH:  0    Dex: 15    Spells: 2/13 levels left

rFire    . . .     SeeInvis .   a - +0 spear
rCold    . . .     Gourm    .   (no shield)
rNeg     . . .     Faith    .   b - +0 leather armour
rPois    .         Spirit   .   (no helmet)
rElec    .         Reflect  .   (no cloak)
rCorr    .         Harm     .   (no gloves)
MR       .....                  (no boots)
Stlth    ++........             (no amulet)
HPRegen  1.12/turn              (no ring)
MPRegen  0.12/turn              (no ring)

@: lethally poisoned (-8 -> -13), regenerating (expiring), slowed, very slow
A: distributed training, fangs 1, strong nose
a: no special abilities


You were on level 3 of the Dungeon.
You were not hungry.

You visited 1 branch of the dungeon, and saw 3 of its levels.

You collected 161 gold pieces.

Inventory:

Hand Weapons
 a - a +0 spear (weapon)
 j - a +0 dagger of speed
Armour
 b - a +0 leather armour (worn)
Scrolls
 c - 2 scrolls of immolation {unknown}
 d - 3 scrolls of identify {unknown}
 f - 4 scrolls of remove curse {unknown}
 g - 3 scrolls of teleportation {unknown}
 l - 2 scrolls of blinking {unknown}
 p - a scroll of enchant armour {unknown}
Potions
 h - a potion of heal wounds {unknown}
 i - 2 potions of lignification {unknown}
 k - 2 potions of curing {unknown}
 m - a potion of degeneration {unknown}
 n - a potion of cancellation {unknown}
Comestibles
 e - 5 rations
 o - a chunk of flesh


   Skills:
 + Level 4.7 Fighting
 + Level 1.2 Short Blades
 + Level 1.2 Long Blades
 + Level 1.2 Axes
 + Level 1.2 Maces & Flails
 + Level 4.7 Polearms
 + Level 1.2 Staves
 + Level 1.2 Slings
 + Level 1.2 Bows
 + Level 1.2 Crossbows
 + Level 1.2 Throwing
 + Level 2.8 Armour
 + Level 4.7 Dodging
 + Level 1.2 Stealth
 + Level 1.2 Shields
 + Level 1.2 Unarmed Combat
 + Level 5.1 Spellcasting
 + Level 1.0 Conjurations
 + Level 1.0 Hexes
 + Level 5.5 Charms
 + Level 1.0 Summonings
 + Level 1.0 Necromancy
 + Level 1.0 Translocations
 + Level 1.0 Transmutations
 + Level 1.0 Fire Magic
 + Level 1.0 Ice Magic
 + Level 1.0 Air Magic
 + Level 1.0 Earth Magic
 + Level 1.0 Poison Magic
 + Level 1.3 Invocations
 + Level 1.2 Evocations


You had 2 spell levels left.
You knew the following spells:

 Your Spells              Type           Power        Failure   Level  Hunger
a - Infusion              Chrm           ###.         1%          1    None
b - Song of Slaying       Chrm           ###.....     3%          2    ##.....
c - Shroud of Golubria    Chrm/Tloc      ##........   8%          2    ##.....
d - Regeneration          Chrm/Necr      ##........   16%         3    ###....
e - Spectral Weapon       Hex/Chrm       ##......     16%         3    ###....

Your spell library contained the following spells:

 Spells                   Type           Power        Failure   Level  Hunger


Dungeon Overview and Level Annotations

Branches:
Dungeon (3/15)

Altars:
Gozag


Innate Abilities, Weirdness & Mutations

Your experience applies equally to all skills.
You have very sharp teeth.
Your uncanny sense of smell can sniff out nearby items.


Message History

You feel as though you will be slow longer.
Something hits you.
* * * LOW HITPOINT WARNING * * *
The orc misses you. x2; The kobold throws a curare-tipped dart.
The curare-tipped dart closely misses your spectral weapon.
The curare-tipped dart closely misses you.
The curare-tipped dart hits the orc.
The orc is poisoned.
The orc convulses.
The orc seems to slow down.
You hear some strange, mumbled words.
You see here 2 curare-tipped darts.
Your skin is crawling a little less now.
You feel sick.
The orc dies!
Something hits your spectral weapon.
Your spectral weapon shares its damage with you!
* * * LOW HITPOINT WARNING * * *
The kobold throws a curare-tipped dart.
The curare-tipped dart hits you.
You are more poisoned.
You have difficulty breathing.
You die...

...........###..##
###.......# #...#
#.......# #...#
####### ##..#
#..## #...# ##..#
########..#######
#...o..@.>.......
#...o){o....#####
......{..(...#
.####.####K..# ...
#...# ... #...#
#... #...# ....
....# .#.. #...#


You could see 3 orcs, a kobold and a friendly spectral +0 spear.

Vanquished Creatures
  4 adders
  An ooze (D:3)
  A dart slug (D:1)
  2 leopard geckos (D:2)
  2 giant cockroaches (D:2)
  10 goblins
  9 hobgoblins
  8 jackals
  6 kobolds
  4 bats
  5 frilled lizards
  7 rats
59 creatures vanquished.

Vanquished Creatures (others)
  An orc (D:3)
  A spectral weapon (D:3)
2 creatures vanquished.

Grand Total: 61 creatures vanquished

Notes
Turn   | Place    | Note
-------+----------+-------------------------------------------
     0 | D:1      | silenth the Gnoll Skald began the quest for the Orb.
     0 | D:1      | Reached XP level 1. HP: 20/20 MP: 6/6
   227 | D:1      | Reached XP level 2. HP: 26/26 MP: 7/7
   269 | D:1      | Learned a level 2 spell: Song of Slaying
   272 | D:1      | Learned a level 2 spell: Shroud of Golubria
   661 | D:1      | Reached XP level 3. HP: 28/31 MP: 9/9
   852 | D:1      | Reached skill level 5 in Spellcasting
  1090 | D:2      | Reached skill level 1 in Invocations
  1121 | D:2      | Learned a level 3 spell: Regeneration
  1125 | D:2      | Learned a level 3 spell: Spectral Weapon
  1510 | D:2      | Found an opulent altar of Gozag.
  1577 | D:2      | Reached skill level 1 in Short Blades
  1577 | D:2      | Reached skill level 1 in Long Blades
  1577 | D:2      | Reached skill level 1 in Axes
  1577 | D:2      | Reached skill level 1 in Maces & Flails
  1577 | D:2      | Reached skill level 1 in Staves
  1577 | D:2      | Reached skill level 1 in Slings
  1577 | D:2      | Reached skill level 1 in Bows
  1577 | D:2      | Reached skill level 1 in Crossbows
  1577 | D:2      | Reached skill level 1 in Throwing
  1577 | D:2      | Reached skill level 1 in Stealth
  1577 | D:2      | Reached skill level 1 in Shields
  1577 | D:2      | Reached skill level 1 in Unarmed Combat
  1577 | D:2      | Reached skill level 1 in Evocations
  1640 | D:2      | Reached XP level 4. HP: 38/38 MP: 11/11
  2502 | D:3      | Reached skill level 1 in Conjurations
  2502 | D:3      | Reached skill level 1 in Hexes
  2502 | D:3      | Reached skill level 1 in Summonings
  2502 | D:3      | Reached skill level 1 in Necromancy
  2502 | D:3      | Reached skill level 1 in Translocations
  2502 | D:3      | Reached skill level 1 in Transmutations
  2502 | D:3      | Reached skill level 1 in Fire Magic
  2502 | D:3      | Reached skill level 1 in Ice Magic
  2502 | D:3      | Reached skill level 1 in Air Magic
  2502 | D:3      | Reached skill level 1 in Earth Magic
  2502 | D:3      | Reached skill level 1 in Poison Magic
  2708 | D:3      | HP: 2/38 [asphyx]
  2709 | D:3      | Asphyxiated

Levels and vault maps discovered:
D:1:      lightli_iron_boxes, layout_loops_corners
D:2:      layout_basic, nicolae_gozag_seed_capital, first_ration
D:3:      layout_basic, old_standard_altar, nicolae_overflow_crystal_walls

Skill      XL: |  1  2  3  4 |
---------------+-------------+-----
Spellcasting   | 5 |  5.1
Invocations    | 1 |  1.3
Short Blades   | 1 |  1.2
Long Blades    | 1 |  1.2
Axes           | 1 |  1.2
Maces & Flails | 1 |  1.2
Staves         | 1 |  1.2
Slings         | 1 |  1.2
Bows           | 1 |  1.2
Crossbows      | 1 |  1.2
Throwing       | 1 |  1.2
Stealth        | 1 |  1.2
Shields        | 1 |  1.2
Unarmed Combat | 1 |  1.2
Evocations     | 1 |  1.2
Conjurations   | 1 |  1.0
Hexes          | 1 |  1.0
Summonings     | 1 |  1.0
Necromancy     | 1 |  1.0
Translocations | 1 |  1.0
Transmutations | 1 |  1.0
Fire Magic     | 1 |  1.0
Ice Magic      | 1 |  1.0
Air Magic      | 1 |  1.0
Earth Magic    | 1 |  1.0
Poison Magic   | 1 |  1.0
Fighting       | |  4.7
Polearms       | |  4.7
Armour         | |  2.8
Dodging        | |  4.7
Charms         | |  5.5

Action                   |  1- 3 |  4- 6 || total
-------------------------+-------+-------++-------
Melee: Spear             |   187 |    68 ||   255
       Bite              |    19 |     5 ||    24
       Punch             |     2 |       ||     2
 Cast: Shroud of Golubri |     1 |       ||     1
       Song of Slaying   |     1 |       ||     1
       Spectral Weapon   |       |     5 ||     5
       Regeneration      |       |     2 ||     2
 Stab: Sleeping          |     5 |       ||     5
  Eat: Chunk             |     2 |     5 ||     7
Armor: Leather armour    |    17 |     6 ||    23
Dodge: Dodged            |    85 |    41 ||   126

Table legend:
 A = Non-vault XP
 B = Vault XP
 C = Vault XP percentage of total XP
 D = Non-vault monster count
 E = Vault monster count
 F = Vault count percentage of total count
                 A         B        C        D         E       F
            +---------+---------+-------+---------+---------+-------
      Total |     152 |       0 |   0.0 |      59 |       0 |   0.0
            +---------+---------+-------+---------+---------+-------
        D:1 |      40 |       0 |   0.0 |      24 |       0 |   0.0
        D:2 |      78 |       0 |   0.0 |      25 |       0 |   0.0
        D:3 |      34 |       0 |   0.0 |      10 |       0 |   0.0
            +---------+---------+-------+---------+---------+-------
